 Dungeon Crawl Stone Soup version 0.30-b1-2-g02819fbbbe (webtiles) character file.

Game seed: 17957628463306846291

212 striepan the Slasher (level 5, 0/46 HPs)
             Began as a Hill Orc Monk on Jan 16, 2024.
             Slain by a giant cockroach (2 damage)
             ... on level 2 of the Dungeon.
             The game lasted 00:07:53 (1397 turns).

striepan the Slasher (Hill Orc Monk)                Turns: 1397, Time: 00:07:54

Health: 0/46       AC:  4    Str: 14    XL:     5   Next: 89%
Magic:  5/5        EV: 13    Int: 10    God:
Gold:   66         SH:  0    Dex: 21    Spells: 4/4 levels left

rFire   . . .        a - +0 falchion
rCold   . . .        d - orb {light}
rNeg    . . .        n - +0 leather armour
rPois   .            (no helmet)
rElec   .            (no cloak)
rCorr   .            (no gloves)
SInv    .            j - +0 pair of boots
Will    .....        (no amulet)
Stlth   +            f - +6 ring of dexterity
HPRegen 0.27/turn    (no ring)
MPRegen 0.09/turn

%: no passive effects
@: glowing
A: no striking features
a: no special abilities


You were on level 2 of the Dungeon.
You visited 1 branch of the dungeon, and saw 2 of its levels.

You collected 66 gold pieces.

Inventory:

Hand Weapons
 a - a +0 falchion (weapon)
 p - a +0 long sword
Armour
 b - a +0 robe
 d - an orb of light (worn)
 j - a +0 pair of boots (worn)
 k - a +0 ring mail
 n - a +0 leather armour (worn)
 r - a +1 robe of the Archmagi
Jewellery
 f - a +6 ring of dexterity (left hand)
Scrolls
 h - a scroll of identify {unknown}
 l - a scroll of blinking {unknown}
 q - a scroll of noise {unknown}
Potions
 c - a potion of ambrosia
 e - 2 potions of curing {unknown}
 g - 2 potions of cancellation {unknown}
 i - a potion of brilliance {unknown}
 m - a potion of might {unknown}
 o - a potion of attraction {unknown}
 s - a potion of degeneration {unknown}


   Skills:
 - Level 4.0 Fighting
 + Level 6.4 Long Blades
 - Level 3.0 Dodging


You had 4 spell levels left.
You didn't know any spells.
Your spell library contained the following spells:

 Spells                   Type           Power      Damage    Failure   Level
 Necrotise                Necr           0%         1d4       43%         1
 Vampiric Draining        Necr           0%         2d6       82%         3
 Agony                    Necr           0%         N/A       100%        5


Dungeon Overview and Level Annotations

Branches:
Dungeon (2/15)

Altars:


Message History

The frilled lizard bites you but does no damage.
The giant cockroach bites you.
* * * LOW HITPOINT WARNING * * *
The giant cockroach bites you.
* * * LOW HITPOINT WARNING * * *
The frilled lizard closely misses you. The giant cockroach closely misses you.
The frilled lizard closely misses you. The giant cockroach barely misses you.
The frilled lizard bites you.
* * * LOW HITPOINT WARNING * * *
The giant cockroach barely misses you. The frilled lizard closely misses you.
The giant cockroach completely misses you.
The frilled lizard misses you. The giant cockroach barely misses you.
The giant cockroach bites you but does no damage.
The frilled lizard bites you.
* * * LOW HITPOINT WARNING * * *
The giant cockroach completely misses you.
The frilled lizard bites you but does no damage.
The giant cockroach barely misses you.
The frilled lizard bites you but does no damage.
The giant cockroach bites you.
* * * LOW HITPOINT WARNING * * *
The frilled lizard bites you but does no damage.
The giant cockroach bites you but does no damage.
The frilled lizard bites you.
* * * LOW HITPOINT WARNING * * *
The giant cockroach misses you. The giant cockroach misses you.
The frilled lizard bites you but does no damage.
The giant cockroach closely misses you.
The frilled lizard bites you but does no damage.
The giant cockroach barely misses you. The frilled lizard bites you.
* * * LOW HITPOINT WARNING * * *
The giant cockroach bites you but does no damage.
The frilled lizard bites you but does no damage.
The giant cockroach misses you. The frilled lizard barely misses you.
The giant cockroach closely misses you. The giant cockroach barely misses you.
The frilled lizard barely misses you. The giant cockroach bites you.
You die...

..##.......
..##..........
.....#..#.....
##########..##.##....###
.....#!........###......
......................#.
..............###.#.#..#
......l.................
.......@......####..####
.......B......#####..###
?.........<.....# #.....
......(.........###.....
.....#...........##.....
########................
#.......†........
#................
#.........###....


You could see a giant cockroach and a frilled lizard.

Vanquished Creatures
  Sigmund (D:2)
  2 adders (D:2)
  2 bats (D:1)
  2 endoplasms (D:1)
  A giant cockroach (D:1)
  2 goblins (D:1)
  2 hobgoblins (D:1)
  2 quokkas (D:1)
  3 ball pythons
  3 frilled lizards
  3 kobolds (D:1)
  4 rats
27 creatures vanquished.

Notes
Turn   | Place    | Note
-------+----------+-------------------------------------------
     0 | D:1      | striepan the Hill Orc Monk began the quest for the Orb.
     0 | D:1      | Reached XP level 1. HP: 19/19 MP: 1/1
   225 | D:1      | Reached XP level 2. HP: 26/26 MP: 2/2
   280 | D:1      | Reached skill level 4 in Long Blades
   909 | D:2      | Reached XP level 3. HP: 31/31 MP: 3/3
   941 | D:2      | Noticed Sigmund
   956 | D:2      | Killed Sigmund
   957 | D:2      | Reached skill level 5 in Long Blades
   957 | D:2      | Reached skill level 6 in Long Blades
   957 | D:2      | Reached XP level 4. HP: 17/40 MP: 4/4
   957 | D:2      | Reached XP level 5. HP: 19/46 MP: 5/5
  1390 | D:2      | HP: 1/46 [frilled lizard (2)]
  1397 | D:2      | Slain by a giant cockroach

Illustrated notes

Levels and vault maps discovered:
D:1:      wander_arrival_peaceful_grave, layout_basic, minmay_tripent
D:2:      layout_rooms, shapermc_ecumenical_altar_mp_highgroup, uniq_sigmund

Skill      XL: |  1  2  3 |
---------------+----------+-----
Long Blades    | 4 6 |  6.4
Dodging        | 3 |  3.0
Fighting       | 4 |  4.0

Action                     |  1- 3 |  4- 6 || total
---------------------------+-------+-------++-------
  Melee: Falchion          |    66 |    17 ||    83
 Armour: Robe              |    11 |       ||    11
         Leather armour    |     4 |   122 ||   126
         Ring mail         |     2 |       ||     2
  Dodge: Dodged            |    37 |   304 ||   341
